 Dungeon Crawl Stone Soup version 0.30-a0-347-gf58ed5266c (webtiles) character file.

Game seed: 7502602595524578130

400 avis the Chiller (level 6, -2/51 HPs)
             Began as a Demigod Ice Elementalist on Nov 6, 2022.
             Succumbed to a scorpion's poison
             ... on level 4 of the Dungeon on Nov 7, 2022.
             The game lasted 00:20:24 (3383 turns).

avis the Chiller (Demigod Ice Elementalist)         Turns: 3383, Time: 00:20:25

Health: -2/51      AC:  4    Str:  9    XL:     6   Next: 28%
Magic:  0/13       EV: 13    Int: 17    God:
Gold:   251        SH:  0    Dex: 22    Spells: 4/11 levels left

rFire   + . .      SeeInvis .    b - +0 sling
rCold   . . .      Faith    .    (no shield)
rNeg    . . .      Spirit   .    m - +0 robe of Dugoxza {rF+}
rPois   .          Reflect  .    v - +0 helmet
rElec   .          Harm     .    (no cloak)
rCorr   .          Rampage  .    c - +0 pair of gloves
Will    .....                    (no boots)
Stlth   ++........               (no amulet)
HPRegen 0.28/turn                j - ring of wizardry
MPRegen 0.13/turn                (no ring)

@: lethally poisoned (-2 -> -23)
A: high MP 1, forlorn, divine attributes
a: no special abilities


You were on level 4 of the Dungeon.
You visited 1 branch of the dungeon, and saw 4 of its levels.

You collected 251 gold pieces.

Inventory:

Hand Weapons
 a - a +0 short sword
 b - a +0 sling (weapon)
Missiles
 d - 4 poisoned darts
Armour
 c - a +0 pair of gloves (worn)
 m - the +0 robe of Dugoxza (worn) {rF+}
   (You found it on level 2 of the Dungeon)

   rF:        It protects you from fire.
 v - a +0 helmet (worn)
Jewellery
 j - a ring of wizardry (left hand)
Scrolls
 e - 2 scrolls of enchant weapon {unknown}
 g - a scroll of poison {unknown}
 k - a scroll of noise {unknown}
 n - a scroll of immolation {unknown}
 o - a scroll of vulnerability {unknown}
 p - a scroll of magic mapping {unknown}
 s - a scroll of teleportation {unknown}
 t - a scroll of amnesia
 u - a scroll of torment
Potions
 f - 2 potions of mutation
 h - a potion of magic
 i - a potion of flight
 l - a potion of lignification
 w - 2 potions of degeneration


   Skills:
 - Level 3.0 Fighting
 * Level 3.8 Ranged Weapons
 - Level 2.0 Dodging
 - Level 2.0 Stealth
 - Level 3.0 Spellcasting
 - Level 4.0 Ice Magic


You had 4 spell levels left.
You knew the following spells:

 Your Spells              Type           Power      Damage    Failure   Level
a - Freeze                Ice            64%        1d7       1%          1
o - Ozocubu's Armour      Ice            16%        N/A       4%          3
r - Frozen Ramparts       Ice            32%        1d5       4%          3

Your spell library contained the following spells:

 Spells                   Type           Power      Damage    Failure   Level
 Summon Ice Beast         Ice/Summ       9%         N/A       28%         4


Dungeon Overview and Level Annotations

Branches:
Dungeon (4/15)
 Temple: D:4-7


Innate Abilities, Weirdness & Mutations

You have an increased reservoir of magic. (+10% MP)
You shall have no god before yourself.
Your divine heritage dramatically boosts your attributes as you level up.


Message History

You feel very sick. The scorpion stings you.
Fire: b) +0 sling
Press: ? - help, Q - select action, (/) - cycle Shift-Dir - straight line, f/p - scorpion
Aim: a scorpion (almost dead, 63% to hit)
You shoot a sling bullet.
The sling bullet barely misses the scorpion.
You feel very sick. The scorpion stings you.
You are more poisoned.
The scorpion poisons you!
Fire: b) +0 sling
Press: ? - help, Q - select action, (/) - cycle Shift-Dir - straight line, f/p - scorpion
Aim: a scorpion (almost dead, 63% to hit)
You shoot a sling bullet. The sling bullet hits the scorpion.
The scorpion is almost dead.
* * * LOW HITPOINT WARNING * * *
You feel very sick. The scorpion stings you.
* * * LOW HITPOINT WARNING * * *
You are more poisoned.
The scorpion poisons you! The scorpion completely misses you.
Fire: b) +0 sling
Press: ? - help, Q - select action, (/) - cycle Shift-Dir - straight line, f/p - scorpion
Aim: a scorpion (almost dead, 63% to hit)
You shoot a sling bullet.
The sling bullet hits the scorpion but does no damage.
The scorpion is almost dead.
* * * LOW HITPOINT WARNING * * *
You feel extremely sick. The scorpion stings you.
* * * LOW HITPOINT WARNING * * *
Casting: Freeze (safe; 1% risk of failure)
Confirm with . or Enter, or press ? or * to list all spells.
Aiming: Freeze (safe; 1% risk of failure)
Press: ? - help, Shift-Dir - straight line, f/p - scorpion
Aim: a scorpion (almost dead)
You freeze the scorpion.
You kill the scorpion!
You die...

####### #..#..###
+.......###
#..#......###
#..#'#......###
#<.#@###......###
#..#.).###......###
#..###...###......#+#
#### ##...###......#
.)##......##
##......###
##......##.#
##......##).#
##......##..##


There were no monsters in sight!

Vanquished Creatures
  Sigmund (D:2)
  A scorpion (D:4)
  A howler monkey (D:4)
  A jelly (D:4)
  Jessica (D:3)
  An iguana (D:4)
  2 adders (D:3)
  A gnoll (D:1)
  3 worms
  2 orcs (D:3)
  9 endoplasms
  3 giant cockroaches
  7 goblins
  5 hobgoblins
  8 jackals
  6 kobolds
  6 quokkas
  7 ball pythons
  8 bats
  4 frilled lizards
  7 rats
84 creatures vanquished.

Vanquished Creatures (others)
  4 fungi (D:1)
  4 plants (D:1)
8 creatures vanquished.

Grand Total: 92 creatures vanquished

Notes
Turn   | Place    | Note
-------+----------+-------------------------------------------
     0 | D:1      | avis the Demigod Ice Elementalist began the quest for the
                  | Orb.
     0 | D:1      | Reached XP level 1. HP: 14/14 MP: 5/5
   226 | D:1      | Reached skill level 1 in Fighting
   458 | D:1      | Reached XP level 2. HP: 23/23 MP: 5/7
   542 | D:1      | Reached skill level 4 in Ice Magic
   773 | D:1      | Reached XP level 3. HP: 28/28 MP: 6/9
   777 | D:1      | Learned a level 3 spell: Frozen Ramparts
   849 | D:1      | Learned a level 3 spell: Ozocubu's Armour
  1313 | D:2      | Noticed Sigmund
  1581 | D:2      | Killed Sigmund
  1582 | D:2      | Reached XP level 4. HP: 26/37 MP: 1/11
  1582 | D:2      | Reached XP level 5. HP: 31/44 MP: 1/12
  1741 | D:2      | Identified the +0 robe of Dugoxza {rF+}
  2438 | D:3      | Noticed Jessica
  2443 | D:3      | Killed Jessica
  3001 | D:4      | Reached XP level 6. HP: 51/51 MP: 6/13
  3383 | D:4      | Succumbed to a scorpion's poison

Illustrated notes

Levels and vault maps discovered:
D:1:      dpeg_arrival_subterranean_lakeside_camping, layout_basic,
          dreamdust_ecumenical_altar_hidden_monk_grotto, serial_bayou_pond_e
D:2:      layout_loops_cross, minmay_misc_feat_four_crosses, minmay_vboxes,
          uniq_sigmund
D:3:      layout_basic, chequers_serial_rivers_small_b, uniq_jessica
D:4:      minmay_razor_zed, layout_gridville, nicolae_uskayaw_dance_hall,
          serial_shops, shop, uniq_eustachio, uniq_duvessa

Skill      XL: |  1  2  3  4  5 |
---------------+----------------+-----
Fighting       | 1 2 3 |  3.0
Ice Magic      | 4 |  4.0
Spellcasting   | 2 3 |  3.0
Stealth        | 2 |  2.0
Dodging        | 2 |  2.0
Ranged Weapons | 2 3 |  3.8

Action                   |  1- 3 |  4- 6 || total
-------------------------+-------+-------++-------
Melee: Short sword       |       |     1 ||     1
 Fire: Sling             |    45 |    92 ||   137
 Cast: Freeze            |    36 |    18 ||    54
       Frozen Ramparts   |     3 |    13 ||    16
       Ozocubu's Armour  |     1 |     4 ||     5
  Use: Scroll            |       |     7 ||     7
       Potion            |       |     1 ||     1
 Stab: Sleeping          |       |     1 ||     1
Armor: Robe              |    13 |     7 ||    20
Dodge: Dodged            |    13 |    25 ||    38

Table legend: (Time is in decaauts)
 A = Elapsed time spent in this place.
 B = Non-inter-level travel time spent in this place.
 C = Inter-level travel time spent in this place.
 D = Time resting spent in this place.
 E = Time spent auto-exploring this place.
 F = Levels seen in this place.
 G = Mean time per level.
                   A        B        C        D        E       F      G
               +--------+--------+--------+--------+--------+-----+--------+
         Total |   3430 |   3112 |    318 |    824 |   1601 |   4 |  857.5 |
       Dungeon |   3430 |   3112 |    318 |    824 |   1601 |   4 |  857.5 |
               +--------+--------+--------+--------+--------+-----+--------+

Top non-repeatable levels by time:
     D:1: 1422 daAuts
     D:2: 1004 daAuts
     D:3: 752 daAuts
     D:4: 250 daAuts
